 Dungeon Sprint DCSS version 0.29-a0-1006-g0dd7720b37 (webtiles) character file.

Game seed: 14724099254353166608

34499 mhtbhm the Ninja (level 13, -1/76 HPs)
             Began as a Spriggan Brigand on Aug 6, 2022.
             Was the Champion of Dithmenos.
             Slain by a sphinx (7 damage)
             ... while paralysed by a sphinx
             ... in the Dungeon (Sprint III: "The Ten Rune Challenge").
             The game lasted 00:12:22 (3331 turns).

mhtbhm the Ninja (Spriggan Brigand)                 Turns: 3331, Time: 00:12:23

Health: -1/76      AC:  8    Str: 11    XL:     13   Next: 42%
Magic:  19/26      EV:  4    Int: 17    God:    Dithmenos [******]
Gold:   714        SH:  0    Dex: 21    Spells: 12/12 levels left

rFire   + . .      SeeInvis +   a - +4 short sword (venom)
rCold   + . .      Faith    .   (no shield)
rNeg    . . .      Spirit   .   b - +1 robe {rC+ rF+}
rPois   .          Reflect  +   B - +2 hood of the Assassin {Detection Stab+ Stlth++}
rElec   +          Harm     .   c - +0 cloak
rCorr   +          Rampage  .   (gloves unavailable)
Will    ++...      NoTele   +   (boots unavailable) Stlth ###*******
                                y - amulet of reflection
HPRegen 0.22/turn               m - ring of the Octopus King {Fly HP+2 AC+2 EV+2 SH+2}
MPRegen 0.20/turn               u - ring of Athijaz {rElec rCorr Str+4 Int+4}

@: paralysed, flying, wreathed by umbra, very quick
A: very small, no large weapons, unfitting armour, see invisible, speed 3
a: Renounce Religion, Shadow Step, Shadow Form


You were in the Dungeon.
You worshipped Dithmenos.
Dithmenos was exalted by your worship.
You visited 1 branch You collected 3285 gold pieces.
You spent 2571 gold pieces at shops.

Inventory:

Hand Weapons
 a - a +4 short sword of venom (weapon)
Missiles
 d - 8 poisoned darts
 e - 10 curare-tipped darts (quivered)
 j - 2 boomerangs
Armour
 b - a +1 robe of resistance (worn)
 c - a +0 cloak (worn)
 B - the +2 hood of the Assassin (worn) {Detection Stab+ Stlth++}
   (You found it in the Dungeon)

   It allows the wearer to sense nearby creatures.
   It allows the wearer to make particularly effective stabbing attacks against
   helpless or unaware enemies with any weapon.
   Stlth:     It makes you much more stealthy.
Jewellery
 m - a ring of the Octopus King (left hand) {Fly HP+2 AC+2 EV+2 SH+2}
   (You bought it in a shop in the Dungeon)

   [ring of flight]

   AC:        It affects your AC (+2).
   EV:        It affects your evasion (+2).
   HP:        It affects your health (+2).
   Fly:       It grants you flight.
   SH:        It affects your SH (+2).
 u - the ring of Athijaz (right hand) {rElec rCorr Str+4 Int+4}
   (You bought it in a shop in the Dungeon)

   [ring of resist corrosion]

   Str:       It affects your strength (+4).
   Int:       It affects your intelligence (+4).
   rElec:     It insulates you from electricity.
   rCorr:     It protects you from acid and corrosion.
 y - an amulet of reflection (around neck)
 E - the ring of the Soothsayer {*Corrode rF+ rC+ rN++ Dex+3}
   (You found it in the Dungeon)

   [ring of protection from cold]

   Dex:       It affects your dexterity (+3).
   rF:        It protects you from fire.
   rC:        It protects you from cold.
   rN:        It greatly protects you from negative energy.
   *Corrode:  It may corrode you when you take damage.
Wands
 q - a wand of roots (6)
 z - a wand of quicksilver (3)
Scrolls
 k - a scroll of blinking
 l - a scroll of torment
 n - 3 scrolls of immolation
 t - 2 scrolls of identify
 v - a scroll of enchant weapon
 w - a scroll of fear
 C - a scroll of enchant armour {unknown}
 F - a scroll of butterflies {unknown}
Potions
 f - 6 potions of curing
 g - 2 potions of heal wounds
 h - 2 potions of haste
 i - 2 potions of magic
 o - 3 potions of flight
 p - 4 potions of mutation
 r - 2 potions of might
 x - a potion of berserk rage
Miscellaneous
 s - a condenser vane (inert)
 A - a piece from Xom's chessboard (15/15)
 D - a tin of tremorstones (2/2)


   Skills:
 + Level 11.3 Fighting
 + Level 17.8 Short Blades
 + Level 11.3 Throwing
 + Level 16.5 Dodging
 O Level 27 Stealth
 + Level 0.2 Shields
 * Level 16.7 Invocations
 + Level 10.8 Evocations


You had 12 spell levels left.
You didn't know any spells.
Your spell library contained the following spells:

 Spells                   Type           Power      Damage    Failure   Level
 Dazzling Flash           Conj/Hex       0%         N/A       56%         3
 Iskenderun's Mystic Bla  Conj/Tloc      0%         2d3       93%         4
 Starburst                Conj/Fire      0%         6d3       100%        6


Dungeon Overview and Level Annotations

Branches:
Dungeon (1/1)

Altars:
Cheibriados
Dithmenos
Elyvilon
Fedhas
Gozag
Hepliaklqana
Kikubaaqudgha
Makhleb
Nemelex Xobeh
Okawaru
Qazlal
Ru
Sif Muna
Trog
Uskayaw
Vehumet
Wu Jian
Xom
Yredelemnul
Zin
The Shining One
Jiyva
Lugonu

Shops:
D *:(==:[(!=?(


Innate Abilities, Weirdness & Mutations

You are very small and have problems with some larger weapons.
You are too small for most types of armour.
You have supernaturally acute eyesight. (SInv)
You cover ground extremely quickly. (Speed+++)


Message History

Your shadow hits the sphinx with a short sword.
The sphinx is engulfed in blazing flames.
The sphinx misses you. The sphinx closely misses you.
The sphinx completely misses you.
Unknown command.
You hit the sphinx but do no damage.
The sphinx looks as sick as possible!
The sphinx is heavily wounded.
Your shadow hits the sphinx but does no damage.
Unknown command.
You barely miss the sphinx.
The sphinx shouts!
The sphinx is heavily wounded.
The sphinx is engulfed in blazing flames.
The sphinx casts a spell.
Something smites you!
The guardian mummy is engulfed in blazing flames.
You hit the sphinx.
The sphinx looks as sick as possible!
The sphinx is severely wounded.
Your shadow hits the sphinx but does no damage.
Unknown command.
You barely miss the sphinx.
The sphinx is severely wounded.
The sphinx is engulfed in blazing flames.
The sphinx mumbles some strange words.
You suddenly lose the ability to move!
The mummy priest is engulfed in blazing flames.
The mummy priest calls down the wrath of its god upon you.
Something smites you!
You emit a cloud of dark smoke.
The guardian mummy is engulfed in blazing flames.
You destroy the guardian mummy!
Dithmenos accepts your kill.
You feel extremely nervous for a moment...
Your body is wracked with pain!
* * * LOW HITPOINT WARNING * * *
You emit a cloud of dark smoke.
The sphinx is engulfed in blazing flames.
The sphinx hits you!
* * * LOW HITPOINT WARNING * * *
The sphinx hits you!
You die...

§§§§§§§###''###..#..#.#..#......#
§§§§§§§#.♣..♣.#)....###########'#
######.#......#################)#
.#.#.#........#.....'...)#..#≈≈.#
..............#.######...#..#≈≈.#
..............#)).'..##..#..'...#
+##############)).#...##.'..#≈≈.#
#####....###..#≈≈.#
{#H@§§.....(#..#≈≈.#
▓H▓▓▓▓▓▓▓▓▓▓▓▓▓▓▓▓▓ { ▓§.# ▓M.# {
{ {▓§.# ▓§.# ▓..# ▓.M# ▓..#


You could see 2 sphinxes and a mummy priest.

Vanquished Creatures
  Sojobo (D)
  Sigmund (D)
  2 liches (D)
  2 shadow dragons (D)
  Chuck (D)
  An iron golem (D)
  A fire dragon (D)
  A yaktaur captain (D)
  Josephine (D)
  An ogre mage (D)
  An anaconda (shapeshifter) (D)
  2 centaur warriors (D)
  4 dancing weapons (D)
  3 orc high priests (D)
  4 hell knights (D)
  A skeletal warrior (D)
  2 obsidian statues (D)
  A lindwurm (shapeshifter) (D)
  A deep elf pyromancer (D)
  An orc sorcerer (D)
  A faun (shapeshifter) (D)
  A mana viper (shapeshifter) (D)
  4 crystal guardians (D)
  4 ugly things (D)
  An elephant (shapeshifter) (D)
  Edmund (D)
  An unseen horror (D)
  2 wandering mushrooms (D)
  A queen bee (D)
  4 spriggan defenders (D)
  2 guardian mummies (D)
  A merfolk (shapeshifter) (D)
  2 slime creatures (D)
  A snapping turtle (shapeshifter) (D)
  A shadow (D)
  A redback (shapeshifter) (D)
  A spatial vortex (D)
  3 orc warriors (D)
  2 centaurs (D)
  An earth elemental (D)
  A necrophage (D)
  A water elemental (D)
  22 killer bees (D)
  A jelly (D)
  5 orc priests (D)
  Jessica (D)
  A wizard (D)
  2 orc wizards (D)
  2 necromancers (D)
  A kobold demonologist (D)
  3 humans (D)
  A phantom (D)
  7 orcs (D)
  2 endoplasms (D)
117 creatures vanquished.

Vanquished Creatures (collateral kills)
  8 killer bees (D)
  An orc priest (D)
9 creatures vanquished.

Vanquished Creatures (others)
  2 killer bees (D)
  A wandering mushroom (D)
  A bush (D)
  A plant (D)
5 creatures vanquished.

Grand Total: 131 creatures vanquished

Notes
Turn   | Place    | Note
-------+----------+-------------------------------------------
     0 | D        | mhtbhm the Spriggan Brigand began the quest for the Orb.
     0 | D        | Reached XP level 1. HP: 10/10 MP: 2/2
    10 | D        | Reached skill level 6 in Stealth
    12 | D        | Reached skill level 7 in Stealth
    33 | D        | Noticed Jessica
    38 | D        | Killed Jessica
    39 | D        | Reached skill level 9 in Stealth
    39 | D        | Reached XP level 2. HP: 14/15 MP: 3/3
    39 | D        | Reached XP level 3. HP: 17/18 MP: 4/4
   100 | D        | Reached skill level 10 in Stealth
   263 | D        | Noticed a water elemental
   266 | D        | Killed a water elemental
   267 | D        | Reached skill level 12 in Stealth
   267 | D        | Reached XP level 4. HP: 24/24 MP: 5/5
   304 | D        | Found a shadowy altar of Dithmenos.
   304 | D        | Noticed a necrophage
   305 | D        | Found a basalt altar of Yredelemnul.
   305 | D        | Found a sacrificial altar of Ru.
   307 | D        | Reached skill level 13 in Stealth
   307 | D        | Killed a necrophage
   308 | D        | Reached skill level 15 in Stealth
   308 | D        | Reached XP level 5. HP: 28/28 MP: 6/6
   315 | D        | Became a worshipper of Dithmenos the Shadowed
   324 | D        | Found a hide-covered altar of Uskayaw.
   324 | D        | Found an iron altar of Okawaru.
   325 | D        | Found a bloodstained altar of Trog.
   325 | D        | Found an ornate altar of the Wu Jian Council.
   325 | D        | Noticed a human
   325 | D        | Noticed a human
   327 | D        | Killed a human
   328 | D        | Reached skill level 5 in Throwing
   328 | D        | Reached skill level 16 in Stealth
   328 | D        | Reached XP level 6. HP: 32/32 MP: 6/9
   328 | D        | Killed a human
   329 | D        | Reached skill level 5 in Short Blades
   329 | D        | Reached skill level 18 in Stealth
   362 | D        | Found a glowing silver altar of Zin.
   363 | D        | Found a glowing golden altar of the Shining One.
   363 | D        | Found a white marble altar of Elyvilon.
   363 | D        | Noticed a deep elf pyromancer
   365 | D        | Killed a deep elf pyromancer
   365 | D        | Reached * piety under Dithmenos
   366 | D        | Reached skill level 20 in Stealth
   366 | D        | Reached skill level 5 in Invocations
   366 | D        | Reached XP level 7. HP: 37/37 MP: 9/12
   379 | D        | Found a radiant altar of Vehumet.
   380 | D        | Found a shimmering blue altar of Sif Muna.
   380 | D        | Found an ancient bone altar of Kikubaaqudgha.
   385 | D        | Noticed a red devil
   455 | D        | Noticed a shadow
   457 | D        | Killed a shadow
   457 | D        | Reached ** piety under Dithmenos
   458 | D        | Reached skill level 21 in Stealth
   458 | D        | Reached XP level 8. HP: 42/42 MP: 13/13
   463 | D        | Found a blossoming altar of Fedhas.
   463 | D        | Found a stormy altar of Qazlal.
   464 | D        | Found a snail-covered altar of Cheibriados.
   464 | D        | Found a burning altar of Makhleb.
   464 | D        | Found a hazy altar of Hepliaklqana.
   464 | D        | Found a shimmering altar of Xom.
   464 | D        | Found an opulent altar of Gozag.
   464 | D        | Found a sparkling altar of Nemelex Xobeh.
   464 | D        | Found a corrupted altar of Lugonu.
   464 | D        | Found a viscous altar of Jiyva.
   485 | D        | Noticed Josephine
   488 | D        | Killed Josephine
   489 | D        | Reached skill level 23 in Stealth
   788 | D        | Noticed an orc high priest
   789 | D        | Noticed an orc sorcerer
   790 | D        | Reached *** piety under Dithmenos
   790 | D        | Reached **** piety under Dithmenos
   793 | D        | Reached XP level 9. HP: 35/46 MP: 15/15
   795 | D        | Killed an orc high priest
   795 | D        | Reached ***** piety under Dithmenos
   796 | D        | Reached skill level 24 in Stealth
   799 | D        | Noticed an orc high priest
   799 | D        | Killed an orc sorcerer
   800 | D        | Reached skill level 25 in Stealth
   800 | D        | Found Atzah's General Store.
   801 | D        | Noticed a rust devil
   801 | D        | Noticed an ice devil
   804 | D        | Killed an orc high priest
   805 | D        | Reached skill level 1 in Evocations
   810 | D        | Reached skill level 26 in Stealth
   920 | D        | Bought a potion of berserk rage for 65 gold pieces
   920 | D        | Bought a scroll of identify for 26 gold pieces
  1187 | D        | Noticed a centaur warrior
  1192 | D        | Killed a centaur warrior
  1193 | D        | Reached XP level 10. HP: 51/51 MP: 16/18
  1193 | D        | Reached ****** piety under Dithmenos
  1321 | D        | Reached skill level 27 in Stealth
  1334 | D        | Reached skill level 5 in Dodging
  1334 | D        | Reached skill level 10 in Invocations
  1864 | D        | Reached skill level 5 in Fighting
  2007 | D        | Noticed Sigmund
  2007 | D        | Noticed Edmund
  2009 | D        | Killed Edmund
  2010 | D        | Killed Sigmund
  2011 | D        | Reached skill level 10 in Short Blades
  2011 | D        | Reached skill level 10 in Throwing
  2011 | D        | Reached skill level 5 in Evocations
  2011 | D        | Reached XP level 11. HP: 54/58 MP: 15/21
  2087 | D        | Noticed an obsidian statue
  2110 | D        | Killed an obsidian statue
  2162 | D        | Found Qiusmew's Antique Armour Emporium.
  2162 | D        | Found Marghore's Weapon Shop.
  2162 | D        | Found Pirir's Jewellery Boutique.
  2162 | D        | Found Losonoudd's Antique Weapon Shoppe.
  2162 | D        | Found Soblix's Book Boutique.
  2162 | D        | Found Ohuthafi's Jewellery Shoppe.
  2162 | D        | Found Usutaipou's Magic Scroll Shop.
  2162 | D        | Found Kishyu Adah's Antique Weapon Shop.
  2162 | D        | Found Onossec's Jewellery Emporium.
  2162 | D        | Found Plog's Book Emporium.
  2162 | D        | Found Feosk's Distillery.
  2197 | D        | Bought a ring of the Octopus King {Fly HP+2 AC+2 EV+2 SH+2}
                  | for 700 gold pieces
  2197 | D        | Found the ring of the Octopus King {Fly HP+2 AC+2 EV+2
                  | SH+2}
  2199 | D        | Bought the ring of Athijaz {rElec rCorr Str+4 Int+4} for
                  | 711 gold pieces
  2222 | D        | Bought a ripped robe for 125 gold pieces
  2222 | D        | Identified the +2 robe of the Hanged Man {Will+ Int+5} (You
                  | bought it in a shop in the Dungeon)
  2232 | D        | Bought a scroll of enchant weapon for 82 gold pieces
  2232 | D        | Bought a scroll of immolation for 44 gold pieces
  2232 | D        | Bought a scroll of immolation for 44 gold pieces
  2232 | D        | Bought a scroll of fear for 44 gold pieces
  2232 | D        | Bought a scroll of identify for 22 gold pieces
  2234 | D        | Bought a potion of curing for 36 gold pieces
  2234 | D        | Bought a potion of curing for 36 gold pieces
  2234 | D        | Bought a potion of curing for 36 gold pieces
  2234 | D        | Bought a potion of berserk rage for 60 gold pieces
  2234 | D        | Bought a potion of haste for 120 gold pieces
  2234 | D        | Bought a potion of heal wounds for 60 gold pieces
  2235 | D        | Bought an amulet of reflection for 360 gold pieces
  2259 | D        | Noticed a crystal guardian
  2259 | D        | Noticed a crystal guardian
  2259 | D        | Noticed a crystal guardian
  2259 | D        | Noticed a crystal guardian
  2260 | D        | Killed a crystal guardian
  2263 | D        | Killed a crystal guardian
  2264 | D        | Reached skill level 10 in Dodging
  2266 | D        | Killed a crystal guardian
  2269 | D        | Killed a crystal guardian
  2339 | D        | Noticed a lindwurm
  2344 | D        | Killed a lindwurm
  2345 | D        | Noticed a centaur warrior
  2349 | D        | Killed a centaur warrior
  2361 | D        | Found the +2 hood of the Assassin {Detection Stab+ Stlth++}
  2382 | D        | Noticed a fire dragon
  2384 | D        | Killed a fire dragon
  2389 | D        | Noticed a white ugly thing
  2392 | D        | Killed a white ugly thing
  2406 | D        | Noticed a +3 hand axe of venom
  2406 | D        | Noticed a +2 hand axe of freezing
  2406 | D        | Noticed a +4 short sword of venom
  2407 | D        | Noticed a +2 scimitar of holy wrath
  2408 | D        | Killed a +2 hand axe of freezing
  2409 | D        | Reached XP level 12. HP: 64/64 MP: 23/23
  2446 | D        | Noticed an anaconda
  2448 | D        | Noticed a yaktaur captain
  2449 | D        | Killed an anaconda
  2495 | D        | Killed a yaktaur captain
  2648 | D        | Noticed Chuck
  2666 | D        | Killed Chuck
  2675 | D        | Identified the ring of the Soothsayer {*Corrode rF+ rC+
                  | rN++ Dex+3}
  2759 | D        | Reached skill level 15 in Short Blades
  2761 | D        | Noticed Sojobo
  2762 | D        | Killed Sojobo
  2763 | D        | Reached skill level 15 in Invocations
  2788 | D        | Noticed a lich
  2791 | D        | Killed a lich
  2798 | D        | Noticed a shadow dragon
  2798 | D        | Noticed an ogre mage
  2798 | D        | Noticed a shadow dragon
  2801 | D        | Reached skill level 10 in Fighting
  2802 | D        | Killed a shadow dragon
  2803 | D        | Reached skill level 15 in Dodging
  2803 | D        | Killed an ogre mage
  2804 | D        | Reached XP level 13. HP: 69/72 MP: 20/25
  2805 | D        | Killed a shadow dragon
  3035 | D        | Noticed an iron golem
  3044 | D        | Killed an iron golem
  3284 | D        | Reached skill level 10 in Evocations
  3294 | D        | Noticed a lich
  3296 | D        | Killed a lich
  3309 | D        | Noticed a sphinx
  3309 | D        | Noticed a sphinx
  3312 | D        | Noticed a mummy priest
  3330 | D        | Paralysed by a sphinx for 3 turns
  3331 | D        | Slain by a sphinx

Illustrated notes

Levels and vault maps discovered:
D:        dungeon_sprint_mu [sprint_mu_entry_cave, sprint_mu_temple_rooms,
          sprint_mu_d1_horrors, sprint_mu_d2_genie, sprint_mu_d3_branching,
          sprint_mu_orc_legion, sprint_mu_elf_gauntlet, sprint_mu_hive_nellie,
          sprint_mu_lair_fedhas, sprint_mu_vaults_butterflies,
          sprint_mu_slime_circle, sprint_mu_shoals_archi,
          sprint_mu_snake_twists, sprint_mu_blade_basic,
          sprint_mu_crypt_fortress, sprint_mu_tomb_spiral,
          sprint_mu_vestibule_basic, sprint_mu_gehenna_hellfire,
          sprint_mu_dis_giant, sprint_mu_tartarus_statrot,
          sprint_mu_cocytus_islands, sprint_mu_zot1]

Skill      XL: |  1  2  3  4  5  6  7  8  9 10 11 12 13 |
---------------+----------------------------------------+-----
Stealth        | 9 12 15 16 20 21 23 26 27 | 27.0
Fighting       | 2 3 4 6 8 10 11 | 11.3
Short Blades   | 3 4 5 6 7 10 13 16 17 | 17.8
Throwing       | 3 4 5 6 7 8 10 11 | 11.3
Dodging        | 2 4 9 12 15 16 | 16.5
Invocations    | 2 5 7 9 12 13 15 16 | 16.7
Evocations     | 2 5 7 9 10 | 10.8
Shields        | |  0.2

Action                   |  1- 3 |  4- 6 |  7- 9 | 10-12 | 13-15 || total
-------------------------+-------+-------+-------+-------+-------++-------
Melee: Dagger            |    13 |     5 |    29 |       |       ||    47
       Short sword       |       |       |    11 |   133 |    37 ||   181
       Punch             |       |       |       |       |     2 ||     2
Throw: Dart              |     7 |       |     8 |     6 |       ||    21
Invok: Shadow Step       |       |       |       |     5 |     3 ||     8
Evoke: Condenser vane    |       |       |     3 |     3 |     1 ||     7
       Wand              |       |       |     3 |     4 |     6 ||    13
       Tin of tremorston |       |       |       |       |     2 ||     2
  Use: Potion            |       |       |     2 |     2 |       ||     4
       Scroll            |       |       |     3 |       |       ||     3
 Stab: Sleeping          |     4 |     5 |     5 |    39 |    11 ||    64
       Confused          |       |       |     1 |    10 |       ||    11
       Distracted        |       |       |     1 |       |     1 ||     2
Armor: Robe              |       |       |       |     3 |       ||     3
Dodge: Dodged            |     5 |       |    13 |    71 |    17 ||   106
Block: Other             |       |       |       |     1 |       ||     1

Table legend: (Time is in decaauts)
 A = Elapsed time spent in this place.
 B = Non-inter-level travel time spent in this place.
 C = Inter-level travel time spent in this place.
 D = Time resting spent in this place.
 E = Time spent auto-exploring this place.
 F = Levels seen in this place.
 G = Mean time per level.
                   A        B        C        D        E       F      G
               +--------+--------+--------+--------+--------+-----+--------+
         Total |   2887 |   2887 |      0 |   1795 |    167 |   1 | 2887.0 |
       Dungeon |   2887 |   2887 |      0 |   1795 |    167 |   1 | 2887.0 |
               +--------+--------+--------+--------+--------+-----+--------+

Top non-repeatable levels by time:
       D: 2887 daAuts
